 Dungeon Crawl Stone Soup version 0.30.0-5-g1a98f26d00 (webtiles) character file.

Game seed: 8677998029624580254

102 greasedhog the Digger (level 4, -1/24 HPs)
             Began as a Gargoyle Earth Elementalist on May 11, 2023.
             Constricted to death by Natasha (2 damage)
             ... on level 2 of the Dungeon.
             The game lasted 00:02:13 (1501 turns).

greasedhog the Digger (Gargoyle Earth Elementalist) Turns: 1501, Time: 00:02:13

Health: -1/24      AC:  5    Str: 12    XL:     4   Next: 77%
Magic:  6/8        EV:  8    Int: 17    God:
Gold:   59         SH:  0    Dex: 10    Spells: 2/8 levels left

rFire   . . .        f - +3 short sword
rCold   . . .        (no shield)
rNeg    + . .        a - +0 robe
rPois   ∞            (no helmet)
rElec   +            (no cloak)
rCorr   .            (no gloves)
SInv    .            (no boots)
Will    .....        (no amulet)
Stlth   ++           (no ring)
HPRegen 0.24/turn    (no ring)
MPRegen 0.11/turn

%: no passive effects
@: grasped by roots, constricted
A: sickness immunity, AC +3, negative energy resistance 1, electricity
resistance, torment resistance 1, petrification resistance
a: no special abilities


You were on level 2 of the Dungeon.
You visited 1 branch of the dungeon, and saw 2 of its levels.

You collected 59 gold pieces.

Inventory:

Hand Weapons
 f - a +3 short sword (weapon)
Missiles
 c - 5 poisoned darts
Armour
 a - a +0 robe (worn)
Jewellery
 g - a ring of ice
Scrolls
 e - a scroll of amnesia {unknown}
 h - 2 scrolls of identify {unknown}
 i - a scroll of butterflies {unknown}
 j - a scroll of silence {unknown}
 k - a scroll of teleportation {unknown}
Potions
 b - a potion of magic
 d - 3 potions of curing {unknown}
 l - a potion of heal wounds {unknown}
 m - a potion of degeneration {unknown}
 n - a potion of mutation {unknown}
 o - a potion of resistance {unknown}
 p - a potion of lignification {unknown}


   Skills:
 - Level 1.5 Dodging
 - Level 2.1 Stealth
 + Level 2.9 Spellcasting
 - Level 1.0 Transmutations
 * Level 5.6 Earth Magic


You had 2 spell levels left.
You knew the following spells:

 Your Spells              Type           Power      Damage    Failure   Level
a - Sandblast             Erth           42%        2d11      1%          1
b - Passwall              Tmut/Erth      10%        N/A       7%          2
c - Stone Arrow           Conj/Erth      24%        3d8       17%         3

Your spell library contained the following spells:

 Spells                   Type           Power      Damage    Failure   Level
 Kiss of Death            Conj/Necr      8%         2d6       19%         1
 Petrify                  Tmut/Erth      13%        N/A       41%         4
 Confusing Touch          Hex            2%         N/A       47%         3
 Vhi's Electric Charge    Tloc/Air       4%         N/A       47%         3
 Animate Dead             Necr           2%         N/A       87%         4
 Dispel Undead            Necr           2%         3d7       87%         4
 Arcjolt                  Conj/Air       1%         1d11      99%         5
 Plasma Beam              Fire/Air       1%         2x1d12    100%        6
 Haunt                    Necr/Summ      1%         N/A       100%        7
 Infestation              Necr           1%         N/A       100%        8


Dungeon Overview and Level Annotations

Branches:
Dungeon (2/15)

Altars:

Annotations:
D:2 Natasha


Innate Abilities, Weirdness & Mutations

You are immune to sickness and miasma.
Your stone body is resilient. (AC +3)
You are immune to poison.
You resist negative energy. (rN+)
You are resistant to electric shocks. (rElec)
You are resistant to unholy torment.
You are immune to petrification.


Message History

The blast of sand hits the bat!
You kill the bat!
The blast of sand hits the hobgoblin!
You kill the hobgoblin!
You can't see any susceptible monsters within range! (Use Z to cast anyway.)
You see here a bat corpse.
An adder comes into view.
An adder is nearby!
An adder is nearby!
Natasha, Servant of Life and Death comes into view.
She is carrying a wand of roots (11).
The blast of sand hits the adder!
You kill the adder!
Natasha hisses angrily.
You hear a shout! x2
A hobgoblin comes into view.
The hobgoblin shouts!
Natasha casts a spell at you. The magic dart hits you!
A kobold comes into view. It is wielding a +0 short sword.
The blast of sand hits Natasha.
Natasha is moderately wounded.
The kobold shouts!
Natasha stares at you and mumbles some strange words.
The magic dart hits you!
You are too injured to fight recklessly!
Unknown command.
You are too injured to fight recklessly!
The kobold throws a stone.
The stone hits you but does no damage.
A hobgoblin comes into view.
Natasha zaps a wand.
The roots erupt in riotous growth!
The grasping roots grab you!
The kobold is unaffected.
The grasping roots constrict you!
* * * LOW HITPOINT WARNING * * *
The kobold hits you but does no damage.
You hear an angry hiss.
Unknown command.
You escape the roots grasp.
Natasha zaps a wand.
The roots erupt in riotous growth!
The kobold is unaffected.
The grasping roots grab you!
The hobgoblin is unaffected.
The grasping roots constrict you.
You die...

..#..~.~.............
.........†...........
.....................
.....<...............
...####........).....
. ...#
###.##..#####.. .≈
....# #.###....# ..≈
###.# #.# ####.# .≈≈~
..# #@# ~≈...
#K#..≈≈.. ##.g..#
###h....#
#...###..... #.###
..... #†. .... ....
... ..... ###


You could see Natasha, a hobgoblin and a kobold.

Vanquished Creatures
  Natasha (twice) (D:2)
  An adder (D:2)
  A worm (D:2)
  2 dart slugs
  3 ball pythons (D:1)
  4 endoplasms
  A giant cockroach (D:1)
  3 goblins
  4 hobgoblins
  5 kobolds (D:1)
  A quokka (D:1)
  4 bats
  A frilled lizard (D:2)
  4 rats
36 creatures vanquished.

Notes
Turn   | Place    | Note
-------+----------+-------------------------------------------
     0 | D:1      | greasedhog the Gargoyle Earth Elementalist began the quest
                  | for the Orb.
     0 | D:1      | Reached XP level 1. HP: 10/10 MP: 3/3
   156 | D:1      | Reached skill level 1 in Transmutations
   199 | D:1      | Reached skill level 4 in Earth Magic
   199 | D:1      | Reached XP level 2. HP: 15/15 MP: 1/5
   258 | D:1      | Found a faded altar of an unknown god.
   918 | D:1      | Reached XP level 3. HP: 19/19 MP: 2/6
  1204 | D:2      | Noticed Natasha
  1210 | D:2      | Killed Natasha
  1211 | D:2      | Reached skill level 5 in Earth Magic
  1218 | D:2      | Learned a level 2 spell: Passwall
  1222 | D:2      | Learned a level 3 spell: Stone Arrow
  1271 | D:2      | Noticed Natasha
  1274 | D:2      | Killed Natasha
  1275 | D:2      | Reached XP level 4. HP: 18/24 MP: 4/8
  1493 | D:2      | Noticed Natasha
  1500 | D:2      | HP: 1/24 [constriction (8)]
  1501 | D:2      | Constricted to death by Natasha

Illustrated notes

Levels and vault maps discovered:
D:1:      dpeg_arrival_renting, layout_loops_ring,
          hellmonk_ecumenical_altar_pennies_from_heaven, minmay_hedge_maze,
          item_on_display_a
D:2:      layout_rooms, basic_altar, serial_rivers,
          chequers_serial_rivers_micro_e, chequers_serial_rivers_small_3,
          chequers_serial_rivers_micro_c, chequers_serial_rivers_micro_c,
          chequers_serial_rivers_small_b, uniq_natasha

Skill      XL: |  1  2  3 |
---------------+----------+-----
Transmutations | 1 |  1.0
Earth Magic    | 4 5 |  5.6
Dodging        | |  1.5
Stealth        | |  2.1
Spellcasting   | |  2.9

Action                     |  1- 3 |  4- 6 || total
---------------------------+-------+-------++-------
  Melee: Short sword       |     3 |       ||     3
   Cast: Sandblast         |    41 |    16 ||    57
 Armour: Robe              |     4 |     3 ||     7
  Dodge: Dodged            |     9 |     3 ||    12
